 Dungeon Crawl Stone Soup version 0.17.1-3-g152610e (webtiles) character file.

382 Gargoyl the Skirmisher (level 6, -2/49 HPs)
             Began as a Demonspawn Abyssal Knight on Mar 8, 2016.
             Was a Priest of Lugonu.
             Slain by an ice beast (8 damage)
             ... on level 5 of the Dungeon.
             The game lasted 00:06:50 (3925 turns).

Gargoyl the Skirmisher (Demonspawn Abyssal Knight)  Turns: 3925, Time: 00:06:50

Health: -2/49      AC:  9    Str: 14    XL:     6   Next: 47%
Magic:  8/8        EV: 12    Int: 13    God:    Lugonu [***...]
Gold:   251        SH:  0    Dex: 22    Spells: 0 memorised, 5 levels left

rFire  . . .     SeeInvis .     t - +3 spear
rCold  . . .     Clarity  .     x - +0 chain mail
rNeg   . . .     SustAt   .     (no shield)
rPois  .         Gourm    .     (no helmet)
rElec  .         Spirit   .     (no cloak)
rCorr  .         Warding  .     (no gloves)
rMut   .         Stasis   .     (no boots)
MR     .....                    (no amulet)
Stlth  +.........               (no ring)
                                (no ring)

@: agile, lethally poisoned (-2 -> -7), not resistant to hostile enchantments,
very unstealthy
A: thin skeletal structure 2, demonic guardian 1, rot immunity
a: Depart the Abyss, Bend Space, Banish, Renounce Religion


You were on level 5 of the Dungeon.
You worshipped Lugonu.
Lugonu was most pleased with you.
You were not hungry.

You visited 1 branch of the dungeon, and saw 5 of its levels.
You visited the Abyss 1 time.

You collected 251 gold pieces.

Inventory:

Hand Weapons
 a - a +1 hand axe
 r - a +0 flail
 t - a +3 spear (weapon)
Armour
 x - a +0 chain mail (worn)
Jewellery
 A - an uncursed ring of wizardry {unknown}
Wands
 w - a wand of slowing (11)
 z - a wand of lightning (4)
Scrolls
 b - 2 scrolls of identify {unknown}
 f - 5 scrolls of enchant weapon {unknown}
 g - 3 scrolls of blinking {unknown}
 p - 2 scrolls of remove curse {unknown}
 q - 3 scrolls of teleportation {unknown}
 s - a scroll of recharging {unknown}
 u - a scroll of random uselessness {unknown}
 v - a scroll of amnesia {unknown}
Potions
 d - a potion of haste {unknown}
 e - a potion of lignification {unknown}
 h - a potion of agility
 i - 2 potions of brilliance {unknown}
 j - a potion of mutation {unknown}
 k - a potion of resistance {unknown}
 l - a potion of cancellation {unknown}
 n - a potion of might {unknown}
 o - a potion of degeneration {unknown}
Books
 y - a Necronomicon

   Spells                             Type                      Level
   a - Haunt                          Necromancy/Summoning         7
   b - Borgnjor's Revivification      Necromancy                   8
   c - Death's Door                   Charms/Necromancy            8
   d - Necromutation                  Transmutation/Necromancy     8
Comestibles
 c - 4 bread rations
 m - 4 meat rations
 B - a royal jelly


   Skills:
 + Level 4.4 Fighting
 + Level 2.6(2.7) Axes
 + Level 0.3(1.6) Polearms
 + Level 4.1 Armour
 + Level 2.3 Dodging
 + Level 0.6 Stealth
 + Level 3.2 Invocations


You had 5 spell levels left.
You didn't know any spells.

Dungeon Overview and Level Annotations

Branches:
Dungeon (5/15)
 Temple: D:4-7

Altars:
Dithmenos
Gozag
Trog
Xom
The Shining One


Innate Abilities, Weirdness & Mutations

You have a moderately thin skeletal structure (Dex +4, Stealth+).
A weak demonic guardian rushes to your aid.
You are immune to rotting.


Message History

You hit the ice beast.
The ice beast is moderately wounded.
You feel sick. The ice beast barely misses you.
You hit the ice beast but do no damage.
The ice beast is moderately wounded.
The ice beast closely misses you.
Your crimson imp blinks!
Unknown command.
You hit the ice beast.
The ice beast is heavily wounded.
You feel sick.
The ice beast hits you but does no damage.
Okay, then.
Drink which item? (? for menu, Esc to quit)
It was a potion of agility.
You feel agile all of a sudden.
You feel sick. The ice beast hits you.
* * * LOW HITPOINT WARNING * * *
The ice beast freezes you!
You die...

#############
##...........##
#..............
#..............
#........%.....
#..............
#......Y.......
#......@..ยง....
##.............
#.............
#......5......
##......<....#
#..........##
#.....#...##
#.#.##...##


You could see an ice beast and a friendly crimson imp.

Vanquished Creatures
  The ghost of Jerry the Covered, an amateur TeFi (D:4)
  A hound (D:4)
  3 orc wizards
  A worker ant (D:4)
  An orc priest (D:4)
  3 adders
  2 worms
  2 giant geckos
  9 orcs
  13 goblins
  9 hobgoblins
  8 jackals (D:2)
  7 kobolds
  8 bats
  4 giant cockroaches
  6 giant newts
  6 rats
84 creatures vanquished.

Vanquished Creatures (collateral kills)
  An orc wizard (D:4)
  An orc (D:4)
  4 rats (D:4)
6 creatures vanquished.

Grand Total: 90 creatures vanquished

Notes
Turn   | Place    | Note
--------------------------------------------------------------
     0 | Abyss:1  | Gargoyl the Demonspawn Abyssal Knight began the quest for the Orb.
     0 | Abyss:1  | Reached XP level 1. HP: 18/18 MP: 2/2
    10 | Abyss:1  | Found a blossoming altar of Fedhas.
    28 | Abyss:1  | Noticed a worldbinder
    30 | Abyss:1  | Noticed a jumping spider
    30 | Abyss:1  | Noticed a spider
    30 | Abyss:1  | Noticed a spider
    32 | D:1      | Escaped the Abyss
   197 | D:1      | Gained mutation: You have a somewhat thin skeletal structure (Dex +2, Stealth). [demonic ancestry]
   197 | D:1      | Reached XP level 2. HP: 22/24 MP: 4/4
   236 | D:1      | Reached * piety under Lugonu
  1133 | D:1      | Gained mutation: You have a moderately thin skeletal structure (Dex +4, Stealth+). [demonic ancestry]
  1133 | D:1      | Reached XP level 3. HP: 29/29 MP: 5/5
  1508 | D:2      | Reached ** piety under Lugonu
  1536 | D:2      | Reached skill level 1 in Dodging
  1802 | D:2      | Found a shadowy altar of Dithmenos.
  1805 | D:2      | Found a glowing golden altar of the Shining One.
  1805 | D:2      | Found a shimmering altar of Xom.
  2233 | D:3      | Reached XP level 4. HP: 33/36 MP: 6/6
  3111 | D:4      | Found an opulent altar of Gozag.
  3155 | D:4      | Gained mutation: A weak demonic guardian rushes to your aid. [demonic ancestry]
  3155 | D:4      | Reached XP level 5. HP: 42/42 MP: 7/7
  3191 | D:3      | Reached skill level 4 in Fighting
  3449 | D:4      | Reached *** piety under Lugonu
  3461 | D:4      | Gained mutation: You are immune to rotting. [demonic ancestry]
  3461 | D:4      | Reached XP level 6. HP: 36/48 MP: 8/8
  3578 | D:4      | Noticed Jerry's ghost (amateur TeFi)
  3585 | D:4      | Killed Jerry's ghost
  3587 | D:4      | Noticed a moth of wrath
  3594 | D:4      | Found a bloodstained altar of Trog.
  3908 | D:5      | Entered Level 5 of the Dungeon
  3925 | D:5      | Slain by an ice beast

Action                   |  1- 3 |  4- 6 || total
-------------------------+-------+-------++-------
Melee: Hand axe          |   149 |       ||   149
       Spear             |     2 |   145 ||   147
Invok: Depart the Abyss  |     1 |       ||     1
  Use: Potion            |       |     1 ||     1
 Stab: Sleeping          |     1 |       ||     1
  Eat: Chunk             |     5 |     1 ||     6
       Fruit             |       |     8 ||     8
